 Dungeon Crawl Stone Soup version 0.26.1-2-gb8aa6d0cf2 (webtiles) character file.

Game seed: 17118791147628039843

116 Martska the Chucker (level 5, -1/54 HPs)
             Began as an Ogre Hunter on Mar 11, 2021.
             Shot with a stone by a goblin (2 damage)
             ... on level 3 of the Dungeon.
             The game lasted 00:03:35 (3750 turns).

Martska the Chucker (Ogre Hunter)                   Turns: 3750, Time: 00:03:36

Health: -1/54      AC:  3    Str: 23    XL:     5   Next: 1%
Magic:  5/5        EV: 10    Int: 12    God:
Gold:   179        SH:  0    Dex:  9    Spells: 4/4 levels left

rFire    . . .     SeeInvis +   q - +3 whip
rCold    . . .     Faith    .   (no shield)
rNeg     . . .     Spirit   .   b - +0 robe
rPois    .         Reflect  .   (helmet restricted)
rElec    .         Harm     .   (no cloak)
rCorr    .         Rampage  .   (gloves unavailable)
Will     .....                  (boots unavailable)
Stlth    +.........             (no amulet)
HPRegen  0.18/turn              g - ring of see invisible
MPRegen  0.09/turn              p - +6 ring of strength

@: slowed, very slow
A: large, unfitting armour, tough skin 1
a: no special abilities


You were on level 3 of the Dungeon.
You visited 1 branch of the dungeon, and saw 3 of its levels.

You collected 179 gold pieces.

Inventory:

Hand Weapons
 a - a +0 short sword
 f - a +0 club
 q - a +3 whip (weapon)
Missiles
 c - 5 large rocks (quivered)
 d - 2 throwing nets
Armour
 b - a +0 robe (worn)
Jewellery
 g - a ring of see invisible (left hand)
 p - a +6 ring of strength (right hand)
Scrolls
 h - a scroll of amnesia {unknown}
 i - 6 scrolls of identify {unknown}
 j - 3 scrolls of teleportation {unknown}
 l - a scroll of remove curse {unknown}
 o - 2 scrolls of magic mapping {unknown}
Potions
 e - a potion of heal wounds {unknown}
 k - a potion of flight
 m - a potion of berserk rage {unknown}
 n - a potion of curing {unknown}
 r - a potion of ambrosia {unknown}


   Skills:
 * Level 4.0 Fighting
 * Level 1.7 Maces & Flails
 * Level 4.6 Throwing
 * Level 2.7 Dodging
 - Level 0.6 Stealth


You had 4 spell levels left.
You didn't know any spells.
Your spell library was empty.

Dungeon Overview and Level Annotations

Branches:
Dungeon (3/15)

Altars:
Zin


Innate Abilities, Weirdness & Mutations

You are too large for most types of armour.
You have tough skin. (AC +1)


Message History

You hit the orc wizard.
The orc wizard is moderately wounded.
The orc wizard hits you with a +0 dagger.
The goblin shoots a stone.
The stone hits you.
* * * LOW HITPOINT WARNING * * *
The orc wizard hits you with a +0 dagger.
* * * LOW HITPOINT WARNING * * *
The goblin shoots a stone.
The stone hits you.
* * * LOW HITPOINT WARNING * * *
You hit the orc wizard.
The orc wizard is severely wounded.
The orc wizard closely misses you.
The orc wizard hits you with a +0 dagger.
* * * LOW HITPOINT WARNING * * *
You hit the orc wizard.
The orc wizard is severely wounded.
The orc wizard hits you with a +0 dagger.
* * * LOW HITPOINT WARNING * * *
The goblin shoots a stone.
The stone hits you.
You die...

#.#...............#
#####'#...............#
#.....................#
#..........).#.#.†.#+##
#.(..........#.#...#
#####..##....#.#...# #
#######..####'##.#<..#.#
........o# #>##.......##
.#######@# #..#.........
#.# ##.#......### #.#
#.)#.....# #.#
##.#.....# #g###
#.......# .## #B..#
##......# ...!.#####.#
#......# ...w.roo..g#
##.....# ......Bo####
#.....#


You could see an orc wizard (fast), a giant cockroach and a goblin.

Vanquished Creatures
  3 adders (D:2)
  An ooze (D:1)
  A worm (D:2)
  4 dart slugs
  2 leopard geckos
  2 orcs (D:3)
  7 bats
  A giant cockroach (D:2)
  4 goblins
  7 hobgoblins
  4 jackals (D:3)
  9 kobolds
  A quokka (D:2)
  5 frilled lizards
  26 rats
77 creatures vanquished.

Notes
Turn   | Place    | Note
-------+----------+-------------------------------------------
     0 | D:1      | Martska the Ogre Hunter began the quest for the Orb.
     0 | D:1      | Reached XP level 1. HP: 22/22 MP: 1/1
   333 | D:1      | Reached XP level 2. HP: 21/31 MP: 2/2
   931 | D:1      | Reached XP level 3. HP: 36/37 MP: 3/3
  1093 | D:1      | Reached skill level 1 in Maces & Flails
  2120 | D:2      | Reached XP level 4. HP: 10/48 MP: 4/4
  2832 | D:2      | Found a glowing silver altar of Zin.
  3737 | D:3      | Reached XP level 5. HP: 39/54 MP: 5/5
  3749 | D:3      | HP: 2/54 [orc wizard/+0 dagger (4)]
  3750 | D:3      | Shot with a stone by a goblin

Illustrated notes

Levels and vault maps discovered:
D:1:      giann_wishing_wells, layout_basic, serial_forest,
          infiniplex_forest_zigzag_2, infiniplex_forest_corner_1,
          infiniplex_forest_straight_4, infiniplex_forest_fountain,
          infiniplex_forest_clump_long, infiniplex_forest_lined_2,
          lemuel_flame_loot_1
D:2:      layout_loops_ring, nicolae_overflow_hidden_temple, minmay_rat_hole
D:3:      layout_basic

Skill      XL: |  1  2  3  4 |
---------------+-------------+-----
Fighting       | 3 4 |  4.0
Dodging        | 2 |  2.7
Maces & Flails | 1 |  1.7
Throwing       | |  4.6
Stealth        | |  0.6

Action                   |  1- 3 |  4- 6 || total
-------------------------+-------+-------++-------
Melee: Short sword       |   157 |       ||   157
       Club              |    11 |    28 ||    39
       Whip              |       |   105 ||   105
Throw: Large rock        |     4 |       ||     4
  Use: Potion            |     2 |       ||     2
 Stab: Sleeping          |     1 |     2 ||     3
Armor: Robe              |    54 |    49 ||   103
       Skin              |    15 |       ||    15
Dodge: Dodged            |   115 |   111 ||   226
